 Dungeon Crawl Stone Soup version 0.20-a0-1116-gaa52201 (webtiles) character file.

6551 nubinia the Destroyer (level 11, -5/66 HPs)
             Began as a Gargoyle Ice Elementalist on May 6, 2017.
             Was an Elder of Vehumet.
             Slain by a yak (12 damage)
             ... on level 9 of the Dungeon on May 7, 2017.
             The game lasted 00:51:20 (8772 turns).

nubinia the Destroyer (Gargoyle Ice Elementalist)   Turns: 8772, Time: 00:51:22

Health: -5/66      AC: 13    Str: 12    XL:     11   Next: 1%
Magic:  21/21      EV: 14    Int: 26    God:    Vehumet [****..]
Gold:   288        SH:  0    Dex: 12    Spells: 5/23 levels left

rFire    . . .     SeeInvis .   a - +8 trident of the Hall of Blades {drain, Int+7 Dex+2}
rCold    + . .     Gourm    .   (no shield)
rNeg     + . .     Faith    .   q - +0 robe
rPois    ∞         Spirit   .   (no helmet)
rElec    +         Reflect  .   m - +0 cloak
rCorr    .         Harm     .   r - +1 pair of gloves
MR       .....                  C - +0 pair of boots
Stlth    +++.......             (no amulet)
Regen    0.3/turn               x - ring of protection from cold
MPRegen  0.2/turn               (no ring)

@: no status effects
A: negative energy resistance 1, electricity resistance, unbreathing,
petrification resistance, rot immunity, AC +7
a: Renounce Religion


You were on level 9 of the Dungeon.
You worshipped Vehumet.
Vehumet was greatly pleased with you.
You were not hungry.

You visited 1 branch of the dungeon, and saw 10 of its levels.

You collected 526 gold pieces.
You spent 238 gold pieces at shops.

Inventory:

Hand Weapons
 a - the +8 trident of the Hall of Blades (weapon) {drain, Int+7 Dex+2}
   (You bought it in a shop on level 5 of the Dungeon)

   A truly terrible weapon, it drains the life of those it strikes.
   It affects your intelligence (+7).
   It affects your dexterity (+2).
 b - a +0 blowgun
 d - a +0 whip
 v - a +2 war axe of venom
Missiles
 F - 15 poisoned needles
Armour
 m - a +0 cloak (worn)
 q - a +0 robe (worn)
 r - a +1 pair of gloves (worn)
 C - a +0 pair of boots (worn)
Magical Staves
 c - an uncursed staff of conjuration
 w - an uncursed staff of wizardry
Jewellery
 x - a ring of protection from cold (left hand)
Wands
 n - a wand of iceblast (13/15)
 y - a wand of acid (5/15)
Scrolls
 e - a scroll of identify
 f - a scroll of fog
 h - 2 scrolls of recharging
 i - 6 scrolls of remove curse
 l - a scroll of immolation
 o - 2 scrolls of teleportation
 t - 5 scrolls of enchant armour
 u - a scroll of amnesia {unknown}
 G - a scroll of random uselessness {unknown}
 I - a scroll of blinking {unknown}
Potions
 k - 3 potions of curing
 z - a potion of flight
 B - a potion of lignification
 D - a potion of agility
 E - a potion of might {unknown}
Books
 A - a book of Frost

   Spells                             Type                      Level
   a - Freeze                         Ice                          1
   b - Throw Frost                    Conjuration/Ice              2
   c - Ozocubu's Armour               Charms/Ice                   3
   d - Throw Icicle                   Conjuration/Ice              4
   e - Summon Ice Beast               Ice/Summoning                4
 J - a Young Poisoner's Handbook

   Spells                             Type                      Level
   a - Sting                          Conjuration/Poison           1
   b - Poisonous Vapours              Poison/Air                   2
   c - Mephitic Cloud                 Conjuration/Poison/Air       3
   d - Olgreb's Toxic Radiance        Poison                       4
   e - Venom Bolt                     Conjuration/Poison           5
Comestibles
 g - 8 fruits
 j - 8 bread rations
 p - 8 meat rations
 s - 4 royal jellies


   Skills:
 + Level 6.5 Fighting
 - Level 1.9(2.1) Axes
 + Level 1.2(1.8) Maces & Flails
 + Level 0.5 Throwing
 + Level 5.4 Dodging
 + Level 7.1 Stealth
 + Level 6.9 Spellcasting
 * Level 8.1 Conjurations
 + Level 1.1 Charms
 + Level 7.1 Ice Magic
 + Level 0.4 Air Magic


You had 5 spell levels left.
You knew the following spells:

 Your Spells              Type           Power        Failure   Level  Hunger
a - Freeze                Ice            ####         1%          1    None
b - Throw Frost           Conj/Ice       #####.       1%          2    None
c - Shock                 Conj/Air       ####         1%          1    None
d - Conjure Flame         Conj/Fire      ####....     1%          3    None
e - Throw Icicle          Conj/Ice       #####...     1%          4    ###....
f - Iskenderun's Mystic   Conj           ######..     1%          4    ###....
o - Ozocubu's Armour      Chrm/Ice       ####....     3%          3    None


Dungeon Overview and Level Annotations

Branches:
Dungeon (10/15)            Temple (0/1) D:5
   Lair: D:8-11         Orc: D:9-12

Altars:
Ashenzari
Dithmenos
Fedhas
Gozag
Kikubaaqudgha
Nemelex Xobeh
Ru
Sif Muna
Trog
Uskayaw
Vehumet
Xom
Zin

Shops:
D:5 ([*[   D:6 ?([?   D:8 *

Annotations:
D:3 Dominolapin's ghost, amateur BaIE
D:4 Voxish's ghost, amateur HaSk
D:9 exclusion: gargoyle, Maurice


Innate Abilities, Weirdness & Mutations

You are resistant to torment.
Your stone body is resilient. (AC +7)
You are immune to poison.
You resist negative energy. (rN+)
You are resistant to electric shocks. (rElec)
You can survive without breathing.
You are immune to petrification.
You are immune to rotting.


Message History

The yak misses you. The yak misses you. The yak gores you but does no damage.
The yak misses you. The yak closely misses you.
There is an open door here.
An orc comes into view.
You flicker back into view.
The yak closely misses you. The yak misses you.
You puncture the yak!
The yak is moderately wounded.
The yak gores you but does no damage. The yak gores you!
* * * LOW HITPOINT WARNING * * *
Your magical contamination has completely faded away.
Okay, then.
You see here a chain mail.
Your icy armour starts to melt.
Your icy armour evaporates.
The yak gores you!
You die...

.##### #.........# #...... .#
+......[..# #Y..... .#
#..###....# #...### .#
#..#.#....#######...#..
.##########..#.#...........Y..#..
.............#.#Y.............#..
........######.#Y......)......#..
#########......#Y......)#####.#..
...............#@.......#.Y.#.'..
......#####....#....(...#.Y.#.'..
......# #....#........#...'.#..
......# #....#........#..†#.###
......# #....#........#####....
......# #...##.(.(.............
......# #...#..................
......#####...#9.................
..............# ..........


You could see 3 yaks and a gargoyle (wandering).

Vanquished Creatures
  Erolcha (D:9)
  A two-headed ogre (D:8)
  An unseen horror (D:8)
  A hippogriff (D:7)
  3 yaks (D:9)
  2 hungry ghosts (D:9)
  2 water moccasins (D:8)
  A black bear (D:8)
  5 orc warriors
  2 sky beasts
  An ice beast (D:8)
  An eye of draining (D:9)
  3 phantoms
  2 ogres
  A centaur (D:8)
  2 big kobolds
  6 bullfrogs
  5 scorpions
  A howler monkey (D:8)
  2 crimson imps
  A quasit (D:8)
  A centaur zombie (D:5)
  A bullfrog zombie (D:6)
  2 hounds
  3 orc priests
  3 jellies
  A bullfrog skeleton (D:7)
  10 orc wizards
  11 worker ants
  2 iguanas
  A hound skeleton (D:7)
  7 gnolls
  9 adders
  A shadow imp (D:7)
  An ooze (D:1)
  An adder skeleton (D:8)
  2 adder zombies (D:5)
  A worm (D:4)
  3 dart slugs
  6 leopard geckos
  28 orcs
  3 ball pythons
  7 bats
  6 giant cockroaches
  9 goblins
  6 hobgoblins
  18 jackals
  15 kobolds
  2 quokkas
  5 frilled lizards
  4 rats
213 creatures vanquished.

Notes
Turn   | Place    | Note
-------+----------+-------------------------------------------
     0 | D:1      | nubinia the Gargoyle Ice Elementalist began the quest for the Orb.
     0 | D:1      | Reached XP level 1. HP: 10/10 MP: 3/3
   224 | D:1      | Reached XP level 2. HP: 10/15 MP: 0/5
   291 | D:1      | Learned a level 2 spell: Throw Frost
   400 | D:1      | Reached XP level 3. HP: 3/19 MP: 1/6
  1349 | D:1      | Learned a level 3 spell: Ozocubu's Armour
  1657 | D:2      | Found a sparkling altar of Nemelex Xobeh.
  1951 | D:2      | Reached XP level 4. HP: 18/24 MP: 6/8
  2282 | D:2      | Found a radiant altar of Vehumet.
  2287 | D:2      | Became a worshipper of Vehumet
  2351 | D:2      | Reached skill level 1 in Maces & Flails
  2351 | D:2      | Reached XP level 5. HP: 22/28 MP: 2/10
  2563 | D:3      | Found a glowing silver altar of Zin.
  2563 | D:3      | Found a bloodstained altar of Trog.
  2637 | D:3      | Found a shimmering altar of Xom.
  2871 | D:3      | Found a shadowy altar of Dithmenos.
  3040 | D:3      | Noticed Dominolapin's ghost (amateur BaIE)
  3222 | D:3      | Reached skill level 1 in Fighting
  3333 | D:3      | Reached XP level 6. HP: 34/34 MP: 7/11
  3436 | D:4      | Noticed Voxish's ghost (amateur HaSk)
  3767 | D:4      | Reached skill level 2 in Conjurations
  3773 | D:4      | Reached skill level 1 in Axes
  3797 | D:5      | Entered Level 5 of the Dungeon
  3815 | D:5      | Found Meklyodd's Armour Boutique.
  3901 | D:5      | Reached * piety under Vehumet
  3901 | D:5      | Offered knowledge of Sting by Vehumet.
  3901 | D:5      | Reached XP level 7. HP: 32/38 MP: 13/13
  4145 | D:5      | Reached skill level 3 in Conjurations
  4169 | D:5      | Found Donu's Antique Weapon Shop.
  4355 | D:5      | Found Onielafo's General Store.
  4404 | D:5      | Found an opulent altar of Gozag.
  4640 | D:5      | Found a staircase to the Ecumenical Temple.
  4851 | D:5      | Found Huasox's Antique Armour Boutique.
  4976 | D:5      | Bought an iridescent trident for 238 gold pieces
  4976 | D:5      | Identified the +8 trident of the Hall of Blades {drain, Int+7 Dex+2} (You bought it in a shop on level 5 of the Dungeon)
  5539 | D:6      | Found a shattered altar of Ashenzari.
  5556 | D:6      | Found Meagazeu's Armour Shop.
  5558 | D:6      | Found Uqanog's Magic Scroll Shop.
  5559 | D:6      | Found Jexeqas's Magic Scroll Shop.
  5570 | D:6      | Reached skill level 4 in Conjurations
  5574 | D:6      | Reached XP level 8. HP: 35/45 MP: 14/14
  5582 | D:6      | Found Yseriozu's Weapon Shop.
  5892 | D:7      | Reached ** piety under Vehumet
  5892 | D:7      | Offered knowledge of Shock by Vehumet.
  5895 | D:7      | Learned a level 1 spell: Shock
  5953 | D:7      | Noticed a hippogriff
  5962 | D:7      | Killed a hippogriff
  5962 | D:7      | Reached skill level 5 in Stealth
  5962 | D:7      | Reached skill level 5 in Conjurations
  6165 | D:7      | Reached skill level 5 in Ice Magic
  6165 | D:7      | Reached XP level 9. HP: 46/52 MP: 16/16
  6263 | D:7      | Found a blossoming altar of Fedhas.
  6263 | D:7      | Found an ancient bone altar of Kikubaaqudgha.
  6288 | D:7      | Upgraded the game from 0.20-a0-1114-g33edf32 to 0.20-a0-1116-gaa52201
  6552 | D:8      | Noticed a two-headed ogre
  6624 | D:8      | Reached skill level 5 in Spellcasting
  6690 | D:8      | Offered knowledge of Conjure Flame by Vehumet.
  6695 | D:8      | Learned a level 3 spell: Conjure Flame
  6815 | D:8      | Reached skill level 6 in Conjurations
  6913 | D:8      | Learned a level 4 spell: Throw Icicle
  6957 | D:8      | Reached skill level 5 in Fighting
  6961 | D:8      | Reached *** piety under Vehumet
  6990 | D:8      | Killed a two-headed ogre
  7025 | D:8      | Found Avery's Elemental Accessories.
  7113 | D:8      | Reached XP level 10. HP: 55/59 MP: 15/18
  7195 | D:8      | Killed an unseen horror
  7195 | D:8      | Reached skill level 7 in Conjurations
  7345 | D:8      | Noticed a hand axe
  7346 | D:8      | Noticed a hand axe
  7346 | D:8      | Found a hide-covered altar of Uskayaw.
  7408 | D:8      | Found a sacrificial altar of Ru.
  7429 | D:8      | Found a deep blue altar of Sif Muna.
  7686 | D:9      | Offered knowledge of Iskenderun's Mystic Blast by Vehumet.
  7692 | D:9      | Learned a level 4 spell: Iskenderun's Mystic Blast
  7788 | D:10     | Entered Level 10 of the Dungeon
  8205 | D:9      | Noticed Maurice
  8208 | D:9      | Reached **** piety under Vehumet
  8496 | D:9      | Noticed Erolcha
  8504 | D:9      | Noticed a gargoyle
  8586 | D:9      | Killed Erolcha
  8586 | D:9      | Reached skill level 5 in Dodging
  8586 | D:9      | Reached skill level 1 in Charms
  8733 | D:9      | Reached skill level 8 in Conjurations
  8733 | D:9      | Reached XP level 11. HP: 20/66 MP: 18/21
  8772 | D:9      | Slain by a yak

Vault maps used:
D:1:      kilobyte_arrival_exit_the_forest
D:2:      vehumet_crystals, lemuel_round_altar, first_bread
D:3:      wad_lake_hut, tgw_xom, gammafunk_temple_overflow_wave,
          lemuel_crystal_altar
D:5:      grunt_gozag_breadcrumbs, temple_hall, serial_shops,
          nicolae_shop_waterfront, nicolae_shop_trees, kennysheep_mini,
          shop_coins
D:6:      evilmike_ruin_ashenzari, minmay_shop_grid_forest
D:7:      grunt_temple_overflow_growth_and_decay, grunt_ogre_cave
D:8:      led_sif_book, kennysheep_mini_moat, dancing_weapons_uskayaw,
          nicolae_elemental_shop
D:9:      david_orc_4, serial_shops, shop, uniq_maurice, uniq_erolcha
D:10:     lightli_elemental_guards, uniq_erica

Skill      XL: |  1  2  3  4  5  6  7  8  9 10 |
---------------+-------------------------------+-----
Spellcasting   | 3 4 5 6 |  6.9
Maces & Flails | 1 |  1.2
Dodging        | 2 3 4 5 |  5.4
Stealth        | 3 4 5 6 7 |  7.1
Fighting       | 1 2 4 5 6 |  6.5
Ice Magic      | 4 5 6 7 |  7.1
Conjurations   | 2 4 5 6 8 |  8.1
Axes           | 1 |  1.9
Charms         | 1 |  1.1
Throwing       | |  0.5
Air Magic      | |  0.4

Action                   |  1- 3 |  4- 6 |  7- 9 | 10-12 || total
-------------------------+-------+-------+-------+-------++-------
Melee: Unarmed           |     1 |       |       |       ||     1
       Whip              |    59 |    27 |       |       ||    86
       War axe           |       |    43 |    48 |       ||    91
       Trident           |       |       |   187 |   180 ||   367
 Fire: Blowgun           |       |       |       |     4 ||     4
 Cast: Freeze            |    41 |    32 |    30 |    10 ||   113
       Throw Frost       |       |    12 |    11 |    22 ||    45
       Ozocubu's Armour  |       |     1 |     2 |    10 ||    13
       Shock             |       |       |     7 |    14 ||    21
       Throw Icicle      |       |       |     5 |       ||     5
       Conjure Flame     |       |       |     1 |     1 ||     2
       Iskenderun's Myst |       |       |       |     9 ||     9
Evoke: Wand              |       |       |     2 |     1 ||     3
  Use: Scroll            |     2 |     5 |     9 |       ||    16
       Potion            |       |       |     1 |     2 ||     3
 Stab: Sleeping          |     3 |     6 |    14 |     1 ||    24
       Distracted        |       |       |     1 |       ||     1
  Eat: Chunk             |     4 |     6 |    12 |     7 ||    29
       Royal jelly       |       |       |       |     2 ||     2
Armor: Robe              |    40 |    29 |    98 |   123 ||   290
Dodge: Dodged            |    69 |    55 |   137 |   185 ||   446
